 Dungeon Crawl Stone Soup version 0.26.0-7-g794d0892b4 (webtiles) character file.

Game seed: 8592965286115225930

19219 ythm the Impaler (level 12, -2/153 HPs)
             Began as a Merfolk Berserker on Jan 12, 2021.
             Was a High Priest of Trog.
             Slain by Sonja
             ... wielding a +1 dagger of distortion
              (20 damage)
             ... on level 3 of the Lair of Beasts.
             The game lasted 00:29:16 (14074 turns).

ythm the Impaler (Merfolk Berserker)               Turns: 14074, Time: 00:29:16

Health: -2/153     AC: 13    Str: 21    XL:     12   Next: 66%
Magic:  12/12      EV: 19    Int:  6    God:    Trog [*****.]
Gold:   785        SH:  0    Dex: 15    Spells: 11/11 levels left

rFire    x . .     SeeInvis .   W - +1 halberd (flame)
rCold    + + .     Faith    +   (shield currently unavailable)
rNeg     + . .     Spirit   .   Q - +1 acid dragon scales
rPois    .         Reflect  .   i - +1 helmet
rElec    .         Harm     .   C - +0 cloak
rCorr    +         Rampage  .   S - +0 pair of gloves
Will     +....                  (no boots)
Stlth    ..........             P - amulet "Culaocva" {Faith rF- rC++ Will+}
HPRegen  0.35/turn              E - ring of positive energy
MPRegen  0.13/turn              (no ring)

@: berserking, slowed
A: change form in water, swift swim, stealthy swim
a: Renounce Religion, Berserk, Trog's Hand, Brothers in Arms


You were on level 3 of the Lair of Beasts.
You worshipped Trog.
Trog was extremely pleased with you.
You visited 3 branches of the dungeon, and saw 14 of its levels.

You collected 785 gold pieces.

Inventory:

Hand Weapons
 l - the +7 flail "Xakeash" {antimagic, Dex+3}
   (You found it on level 2 of the Lair of Beasts)

   It reduces the magical energy of the wielder, and disrupts the spells and
   magical abilities of those hit.
   Natural abilities and divine invocations are not affected.
   It affects your dexterity (+3).
 q - a +2 broad axe of distortion
 t - a +6 vorpal glaive
 H - a +0 trident of freezing
 I - a +1 spear of venom
 W - a +1 halberd of flaming (weapon)
Missiles
 u - 4 atropa-tipped darts
 J - 2 throwing nets
 R - 4 javelins
 Z - 5 silver javelins
Armour
 i - a +1 helmet (worn)
 C - a +0 cloak (worn)
 F - the +0 buckler "Qupiered" {rC+ Str+2 Stlth+}
   (You found it on level 5 of the Dungeon)

   It affects your strength (+2).
   It protects you from cold.
   It makes you more stealthy.
 Q - +1 acid dragon scales (worn)
 S - a +0 pair of gloves (worn)
 U - the +3 robe of Vamot {Int+6, unknown}
   (You found it on level 9 of the Dungeon)

   It affects your intelligence (+6).
Jewellery
 E - a ring of positive energy (left hand)
 P - the amulet "Culaocva" (around neck) {Faith rF- rC++ Will+}
   (You found it on level 8 of the Dungeon)

   [amulet of faith]

   It allows you to gain divine favour quickly.
   It makes you vulnerable to fire.
   It greatly protects you from cold.
   It affects your willpower, your defense against some magical effects.
Wands
 b - a wand of disintegration (13)
 x - a wand of polymorph (10)
 N - a wand of acid (8)
Scrolls
 c - 5 scrolls of teleportation
 e - 11 scrolls of identify
 h - 3 scrolls of fog
 k - a scroll of enchant armour
 y - a scroll of magic mapping
 M - 2 scrolls of fear
 V - 3 scrolls of remove curse
Potions
 a - a potion of mutation {unknown}
 f - a potion of haste
 g - 3 potions of curing
 o - 3 potions of flight
 p - 4 potions of lignification
 r - a potion of attraction
 s - a potion of might
 v - a potion of berserk rage
 w - 2 potions of brilliance
 G - a potion of degeneration {unknown}
 O - a potion of magic {unknown}
 X - a potion of resistance {unknown}
 Y - a potion of invisibility {unknown}


   Skills:
 - Level 12.0 Fighting
 + Level 16.7 Polearms
 + Level 6.6 Armour
 + Level 11.4 Dodging
 - Level 4.0 Shields


You had 11 spell levels left.
You didn't know any spells.
Your spell library was empty.

Dungeon Overview and Level Annotations

Branches:
Dungeon (10/15)            Temple (1/1) D:5            Lair (3/6) D:10
    Orc (0/2) D:9
  Swamp: Lair:2-4    Shoals: Lair:2-4     Snake: Lair:2-4    Spider: Lair:2-4

Altars:
Ashenzari
Cheibriados
Dithmenos
Elyvilon
Fedhas
Gozag
Hepliaklqana
Kikubaaqudgha
Makhleb
Nemelex Xobeh
Okawaru
Qazlal
Ru
Sif Muna
Trog
Uskayaw
Wu Jian
Xom
Yredelemnul
Zin
The Shining One

Annotations:
Lair:3 Sonja


Message History

Sonja closely misses you. Sonja hits you but does no damage.
Space bends around you.
* * * LOW HITPOINT WARNING * * *
Sonja hits you but does no damage. Space bends around you.
* * * LOW HITPOINT WARNING * * *
Sonja barely misses you.
Unknown command.
A red film seems to cover your vision as you go berserk!
You feel yourself moving faster!
You feel mighty!
Sonja gestures wildly while chanting.
Sonja blinks!
Unknown command.
Unknown command.
You feel a strong urge to attack something.
You impale Sonja!! You burn Sonja.
Sonja is almost dead.
Sonja hits you with a +1 dagger of distortion!
* * * LOW HITPOINT WARNING * * *
Space warps horribly around you!!
You die...

### ## ### ### ### ####.## #.#
#
##.###.###.####.P#..###..##P#
.................(.)(†.P.....
................@####..P.#.#.
......P...##.#.K## #†..## .
.......##..##...#####..#####..
................#.#.#..K.....
.............................
.......................(###..
......^................## .
..##...........>........##
.###..............[....#.#


You could see Sonja.

Vanquished Creatures
  Pikel (D:4)
  4 elephants (Lair:3)
  2 black mambas (Lair:2)
  2 merfolk sirens (Lair:3)
  Maggie (D:8)
  4 cane toads
  A rime drake (Lair:3)
  3 komodo dragons
  2 polar bears
  A troll (D:9)
  A merfolk (Lair:3)
  Grinder (D:4)
  3 meliai (D:10)
  12 blink frogs
  A vampire (D:9)
  4 wyverns
  16 yaks
  2 spriggans (Lair:2)
  A wraith (D:6)
  A human (D:7)
  Edmund (D:4)
  A water moccasin (Lair:3)
  A soldier ant (D:10)
  An orc warrior (D:6)
  2 sky beasts
  Duvessa (D:4)
  5 ice beasts
  2 black bears (Lair:2)
  2 ogres
  4 necrophages
  5 phantoms
  3 centaurs
  3 wolves (Lair:2)
  9 bullfrogs
  Blork the orc (D:5)
  A gnoll sergeant (D:6)
  Dowan (D:4)
  A water moccasin zombie (D:6)
  A scorpion (D:10)
  5 killer bees (D:9)
  A howler monkey (D:4)
  5 bullfrog zombies
  A centaur zombie (D:9)
  A jelly (D:9)
  2 bullfrog skeletons (D:4)
  A human zombie (D:7)
  2 orc priests
  Crazy Yiuf (D:2)
  6 hounds
  2 centaur skeletons
  A human skeleton (D:7)
  6 orc wizards
  9 worker ants
  4 iguanas
  Terence (D:2)
  2 hound skeletons
  A mummy (D:5)
  A worker ant zombie (D:9)
  Robin (D:3)
  A howler monkey zombie (D:9)
  4 gnolls (D:6)
  12 adders
  A shadow imp (D:10)
  4 white imps
  3 ufetubi
  2 oozes (D:3)
  An adder zombie (D:7)
  3 worms (D:3)
  3 adder skeletons
  6 leopard geckos
  30 orcs
  7 bats
  A giant cockroach (D:5)
  10 goblins
  11 hobgoblins
  19 jackals
  7 kobolds
  3 quokkas
  A ball python (D:1)
  3 frilled lizards
  A goblin zombie (D:7)
  A jackal skeleton (D:7)
  A jackal zombie (D:7)
  A leopard gecko skeleton (D:4)
  A quokka skeleton (D:7)
  9 rats
  A bush (D:9)
308 creatures vanquished.

Vanquished Creatures (collateral kills)
  A merfolk siren (Lair:3)
  An elephant (Lair:3)
2 creatures vanquished.

Vanquished Creatures (others)
  A wizard (D:9)
  16 fungi
  45 plants
62 creatures vanquished.

Grand Total: 372 creatures vanquished

Notes
Turn   | Place    | Note
-------+----------+-------------------------------------------
     0 | D:1      | ythm the Merfolk Berserker began the quest for the Orb.
     0 | D:1      | Reached XP level 1. HP: 18/18 MP: 1/1
   206 | D:1      | Reached skill level 5 in Polearms
   211 | D:1      | Reached XP level 2. HP: 22/24 MP: 2/2
   600 | D:1      | You fall into a shaft and drop 1 floor!
   624 | D:2      | You fall into a shaft and drop 2 floors!
   636 | D:4      | Reached skill level 6 in Polearms
   636 | D:4      | Reached XP level 3. HP: 29/29 MP: 3/3
   693 | D:4      | Reached skill level 7 in Polearms
   693 | D:4      | Reached XP level 4. HP: 35/35 MP: 4/4
   698 | D:4      | Reached skill level 8 in Polearms
   698 | D:4      | Reached XP level 5. HP: 41/41 MP: 5/5
   701 | D:4      | Reached ** piety under Trog
   757 | D:4      | Reached skill level 9 in Polearms
   991 | D:4      | Reached XP level 6. HP: 47/47 MP: 6/6
  1132 | D:4      | Found a shadowy altar of Dithmenos.
  1136 | D:4      | Noticed Pikel
  1150 | D:4      | Killed Pikel
  1151 | D:4      | Reached skill level 12 in Polearms
  1151 | D:4      | Reached XP level 7. HP: 40/52 MP: 7/7
  1356 | D:4      | Noticed Grinder
  1378 | D:4      | Killed Grinder
  1379 | D:4      | Reached XP level 8. HP: 58/58 MP: 8/8
  1464 | D:4      | Noticed Duvessa
  1475 | D:4      | Killed Duvessa
  1476 | D:4      | Reached skill level 13 in Polearms
  1477 | D:4      | Noticed Dowan
  1517 | D:4      | Killed Dowan
  1617 | D:4      | Noticed Edmund
  1629 | D:4      | Killed Edmund
  1963 | D:4      | Reached skill level 14 in Polearms
  2282 | D:3      | Noticed Robin
  2291 | D:3      | Killed Robin
  2977 | D:3      | Found a glowing drain.
  3178 | D:2      | Found a runed translucent door.
  3179 | D:2      | Noticed Crazy Yiuf
  3244 | D:2      | Noticed Terence
  3263 | D:2      | Killed Terence
  4007 | D:2      | Killed Crazy Yiuf
  4209 | D:1      | Reached *** piety under Trog
  4384 | D:5      | Entered Level 5 of the Dungeon
  4412 | D:5      | Found a staircase to the Ecumenical Temple.
  4561 | D:5      | Got a fading buckler
  4567 | D:5      | Identified the +0 buckler "Qupiered" {rC+ Str+2 Stlth+}
                  | (You found it on level 5 of the Dungeon)
  4666 | D:5      | Noticed Blork the orc
  4676 | D:5      | Killed Blork the orc
  4784 | D:5      | Reached XP level 9. HP: 58/65 MP: 9/9
  5287 | D:5      | Found a snail-covered altar of Cheibriados.
  5532 | Temple   | Entered the Ecumenical Temple
  5901 | D:6      | Reached skill level 5 in Fighting
  6240 | D:6      | Found an ancient bone altar of Kikubaaqudgha.
  6287 | D:6      | Reached **** piety under Trog
  6288 | D:6      | Reached skill level 15 in Polearms
  6578 | D:6      | Reached skill level 5 in Dodging
  6674 | D:6      | You fall into a shaft and drop 2 floors!
  6756 | D:7      | Found a glowing silver altar of Zin.
  7200 | D:7      | Reached XP level 10. HP: 79/79 MP: 10/10
  7229 | D:7      | Found a runed translucent door.
  7263 | D:7      | Found a basalt altar of Yredelemnul.
  7583 | D:8      | Got a clouded zirconium amulet
  7592 | D:7      | Identified the amulet "Culaocva" {Faith rF- rC++ Will+}
                  | (You found it on level 8 of the Dungeon)
  7848 | D:8      | Noticed Maggie
  7863 | D:8      | Killed Maggie
  7969 | D:8      | Found a shadowy altar of Dithmenos.
  8024 | D:8      | Found a bloodstained altar of Trog.
  8311 | D:8      | Found an ancient bone altar of Kikubaaqudgha.
  8379 | D:9      | Reached skill level 1 in Shields
  8471 | D:9      | Found a staircase to the Orcish Mines.
  8501 | D:9      | Reached ***** piety under Trog
  8943 | D:9      | Got a sheer robe
  8952 | D:9      | Found an opulent altar of Gozag.
  8954 | D:9      | Found a broken altar of Ashenzari.
  8978 | D:9      | Found a snail-covered altar of Cheibriados.
  9022 | D:9      | Found a bloodstained altar of Trog.
  9025 | D:9      | Noticed a wizard
  9031 | D:9      | Killed a wizard
  9242 | D:9      | Found a blossoming altar of Fedhas.
  9389 | D:10     | Entered Level 10 of the Dungeon
  9530 | D:10     | Reached XP level 11. HP: 24/90 MP: 11/11
  9800 | D:10     | Reached skill level 10 in Fighting
  9847 | D:10     | Received a gift from Trog
 10315 | D:10     | Found a staircase to the Lair.
 10553 | Lair:1   | Entered Level 1 of the Lair of Beasts
 10598 | Lair:1   | Reached skill level 5 in Armour
 11505 | Lair:1   | You fall into a shaft and drop 1 floor!
 12105 | Lair:2   | Found a shadowy altar of Dithmenos.
 12121 | Lair:2   | Reached XP level 12. HP: 100/100 MP: 12/12
 12259 | Lair:2   | Got a masterwork flail
 12260 | Lair:2   | Identified the +7 flail "Xakeash" {antimagic, Dex+3} (You
                  | found it on level 2 of the Lair of Beasts)
 12369 | Lair:2   | Reached skill level 10 in Dodging
 12506 | Lair:2   | Received a gift from Trog
 12673 | Lair:2   | Reached skill level 16 in Polearms
 13641 | Lair:3   | Noticed Sonja
 13856 | Lair:3   | HP: 6/153 [merfolk siren/+0 spear (4)]
 14074 | Lair:3   | Slain by Sonja

Illustrated notes

Levels and vault maps discovered:
D:1:      matt_arrival_debris, layout_loops_ring,
          amcnicky_mini_rare_corridor_liquid
D:2:      layout_basic, uniq_terence, uniq_crazy_yiuf_cottage
D:3:      layout_loops_ring, gup_sewer_entry_spiral, chequers_big_river,
          uniq_robin
D:4:      layout_loops_ring, general_overflow_altar, minmay_crystal_room,
          minmay_quadrilaterals, uniq_grinder, uniq_pikel, uniq_edmund,
          uniq_duvessa
D:5:      layout_gridville, minmay_temple_entry_glassed_door,
          chei_slow_surprise, uniq_blork_the_orc
D:6:      kennysheep_big_flooded_room, layout_basic, lemuel_altar_in_water
D:7:      layout_loops_ring, zin_academy, dk_yredelemnul_ordeal
D:8:      layout_gridville, lemuel_coloured_pillars_altar,
          kennysheep_little_box, grunt_dithmenos_smoke_and_mirrors, uniq_maggie
D:9:      layout_loops_ring, fedhas_altar_decomposition,
          nicolae_overflow_hidden_temple, orc_0_dummy, kennysheep_small_spiral,
          trog_wizard
D:10:     lemuel_upstairs_altar, layout_gridville, dpeg_oklobed_lair
Temple:   cyrus_circular_temple
Lair:1:   layout_cellular_growth, beast_lair_carwin_7
Lair:2:   layout_loops_ring, basic_altar, forest_entry_grove
Lair:3:   layout_small_grid, elwin_shoals_entry_stream,
          minmay_snake_entry_six_corridors, enter_volcano_2, uniq_sonja

Skill      XL: |  1  2  3  4  5  6  7  8  9 10 11 12 |
---------------+-------------------------------------+-----
Polearms       | 5 6 7 8 9 12 14 15 16 | 16.7
Dodging        | 3 6 8 9 11 | 11.4
Fighting       | 4 7 9 11 12 | 12.0
Armour         | 3 4 5 6 |  6.6
Shields        | 3 4 |  4.0

Action                   |  1- 3 |  4- 6 |  7- 9 | 10-12 || total
-------------------------+-------+-------+-------+-------++-------
Melee: Spear             |    82 |    75 |   401 |       ||   558
       Trident           |       |       |   159 |   426 ||   585
       Halberd           |       |       |       |   408 ||   408
       Glaive            |       |       |       |     9 ||     9
Invok: Berserk           |     2 |     2 |     7 |    11 ||    22
       Trog's Hand       |       |     1 |     2 |     4 ||     7
       Brothers in Arms  |       |       |       |     2 ||     2
  Use: Scroll            |     1 |       |    12 |    13 ||    26
       Potion            |       |       |       |     8 ||     8
 Stab: Sleeping          |     2 |       |     2 |     6 ||    10
       Distracted        |       |       |     1 |     3 ||     4
Armor: Animal skin       |    10 |       |       |       ||    10
       Ring mail         |     2 |    16 |    77 |     5 ||   100
       Acid dragon scale |       |       |       |   133 ||   133
Dodge: Dodged            |    39 |    34 |   123 |   420 ||   616
Block: Buckler           |       |       |    14 |    42 ||    56
